 Dungeon Crawl Stone Soup version 0.28-b1-25-g9875b3fc8c (webtiles) character file.

Game seed: 6159434755030678535

2 growler the Gusty (level 1, -1/10 HPs)
             Began as a Tengu Air Elementalist on Feb 1, 2022.
             Slain by a frilled lizard (2 damage)
             ... on level 1 of the Dungeon.
             The game lasted 00:00:47 (69 turns).

growler the Gusty (Tengu Air Elementalist)            Turns: 69, Time: 00:00:48

Health: -1/10      AC:  2    Str:  8    XL:     1   Next: 40%
Magic:  1/4        EV: 12    Int: 15    God:
Gold:   0          SH:  0    Dex: 14    Spells: 3/4 levels left

rFire   . . .      SeeInvis .   (no weapon)
rCold   . . .      Faith    .   (no shield)
rNeg    . . .      Spirit   .   a - +0 robe
rPois   .          Reflect  .   (helmet restricted)
rElec   .          Harm     .   (no cloak)
rCorr   .          Rampage  .   (no gloves)
Will    .....                   (boots unavailable)
Stlth   ++........              (no amulet)
HPRegen 0.03/turn               (no ring)
MPRegen 0.09/turn               (no ring)

@: no status effects
A: beak, talons 3
a: no special abilities


You were on level 1 of the Dungeon.
You visited 1 branch of the dungeon, and saw 1 of its levels.

Inventory:

Armour
 a - a +0 robe (worn)


   Skills:
 - Level 2.1 Dodging
 - Level 2.0 Stealth
 + Level 2.0 Spellcasting
 + Level 1.5 Conjurations
 + Level 4.1 Air Magic


You had 3 spell levels left.
You knew the following spells:

 Your Spells              Type           Power      Damage    Failure   Level
a - Shock                 Conj/Air       40%        1d5       7%          1

Your spell library contained the following spells:

 Spells                   Type           Power      Damage    Failure   Level
 Static Discharge         Conj/Air       10%        N/A       11%         2
 Swiftness                Air            13%        N/A       12%         3
 Airstrike                Air            6%         N/A       38%         4


Dungeon Overview and Level Annotations

Branches:
Dungeon (1/15)

Altars:

Shops:
D:1 =


Innate Abilities, Weirdness & Mutations

You have a beak for a mouth.
You have claws for feet.


Message History

The ball python moves out of view.
Aim: a hobgoblin (heavily wounded, 68% to hit)
The zap misses the hobgoblin.
You don't have enough magic to cast this spell.
Unknown command.
Unknown command.
Found Koxtiup's Jewellery Boutique.
Aim: a hobgoblin (heavily wounded, 68% to hit)
You miscast Shock.
You are very lightly contaminated with residual magic.
Nothing appears to happen.
The ball python bites you. The ball python closely misses you.
The ball python bites you. The ball python misses you.
A kobold comes into view. It is wielding a +0 dagger.
The kobold shouts!
Found a whip.
The kobold barely misses you. The ball python closely misses you. x2
The kobold hits you with a +0 dagger.
* * * LOW HITPOINT WARNING * * *
Your magical contamination has completely faded away.
The ball python closely misses you. The ball python misses you.
A rat comes into view.
Found an escape hatch in the floor.
You see here a frilled lizard corpse.
The ball python barely misses you. The ball python closely misses you.
The ball python bites you.
* * * LOW HITPOINT WARNING * * *
The ball python grabs you. The ball python constricts you.
You escape the ball python's grasp.
Aim: a kobold, wielding a +0 dagger (60% to hit)
The zap misses the ball python.
The zap hits the rat.
You kill the rat!
The zap hits the kobold.
The ball python misses you. The ball python closely misses you.
A goblin comes into view. It is wielding a +0 whip.
The goblin shouts!
The goblin moves out of view.
The ball python closely misses you. x2
The zap misses the ball python.
The zap hits the ball python.
You kill the ball python!
A frilled lizard comes into view.
The frilled lizard moves out of view.
You see here a frilled lizard corpse.
The frilled lizard hisses angrily.
The frilled lizard bites you.
* * * LOW HITPOINT WARNING * * *
The frilled lizard completely misses you.
The frilled lizard closely misses you. The frilled lizard bites you.
You die...

#.# #.......##.#.
#.......##...
#.......##..
#.......##.##
#..⌠.⌠..##.<##
#...∩...#..#.#
#.#⌠.⌠###..>##
#.#>....@g.##
#.#.#####l.###
#..K# #K...##
#...# #g....#
#...#####..#.##
#.#..g..#..#.#>#
#.#.###.†........
#.#.# ##.........
#.#.# #....####.


You could see a hobgoblin, a goblin, a kobold and a frilled lizard.

Vanquished Creatures
  A ball python (D:1)
  A frilled lizard (D:1)
  2 rats (D:1)
4 creatures vanquished.

Notes
Turn   | Place    | Note
-------+----------+-------------------------------------------
     0 | D:1      | growler the Tengu Air Elementalist began the quest for the
                  | Orb.
     0 | D:1      | Reached XP level 1. HP: 10/10 MP: 4/4
    28 | D:1      | Found Koxtiup's Jewellery Boutique.
    69 | D:1      | Slain by a frilled lizard

Illustrated notes

Levels and vault maps discovered:
D:1:      onia_arrival_handbag, layout_basic, serial_shops,
          nicolae_shop_temple_entry_statues_fountains, nicolae_lakefront_shop,
          nicolae_square_shop, shop_fountains

Action                   || total
-------------------------++-------
 Cast: Shock             ||     7
Dodge: Dodged            ||    15
